 Dungeon Sprint DCSS version 0.16-a0-4127-g24fbb24 (webtiles) character file.

361 McCoppin the Nimble (level 6, -1/59 HPs)
             Began as a Troll Berserker on Mar 2, 2015.
             Was a Believer of Trog.
             Succumbed to Sonja's poison
             ... in the Dungeon (Sprint I: "Red Sonja").
             The game lasted 00:03:26 (300 turns).

McCoppin the Nimble (Troll Berserker)                Turns: 300, Time: 00:03:26

Health: -1/59      AC:  5    Str: 28    XL:     6   Next: 38%
Magic:  3/3        EV: 13    Int:  3    God:    Trog [**....]
Gold:   297        SH:  0    Dex:  9    Spells: 0 memorised, 5 levels left

rFire  . . .     SeeInvis .     j - +0 giant spiked club
rCold  . . .     Clarity  .     b - +0 animal skin
rNeg   . . .     SustAb   .     (shield restricted)
rPois  .         Gourm    +     (helmet restricted)
rElec  .         Spirit   .     (no cloak)
rCorr  .         Warding  .     (gloves unavailable)
rMut   .         NoTele   +     (boots unavailable)
MR     .....                    (no amulet)
Stlth  +.........               (no ring)
                                (no ring)

@: lethally poisoned (-1 -> -33), exhausted, short of breath, slowed, very slow,
not resistant to hostile enchantments, very unstealthy
A: unfitting armour, claws 3, fast metabolism 3, gourmand, regeneration 2,
shaggy fur 1, tough skin 2
a: Burn Spellbooks, Berserk, Trog's Hand, Renounce Religion


You were in the Dungeon.
You worshipped Trog.
Trog was pleased with you.
You were not hungry.

You visited 1 branch You collected 297 gold pieces.

Inventory:

Hand weapons
 a - a +0 mace
 j - a +0 giant spiked club (weapon)
Armour
 b - a +0 animal skin (worn)
Scrolls
 i - 2 scrolls of blinking
 k - a scroll of remove curse {unknown}
 l - a scroll of identify {unknown}
Potions
 e - a potion of heal wounds
 f - a potion of haste
 g - 2 potions of magic
Comestibles
 c - 2 meat rations


   Skills:
 - Level 2.4 Fighting
 + Level 2.6 Maces & Flails
 - Level 5.8 Armour
 - Level 10.1 Dodging
 - Level 1.3 Unarmed Combat


You had 5 spell levels left.
You didn't know any spells.

Dungeon Overview and Level Annotations

Branches:
Dungeon (1/1)

Altars:
Elyvilon
Gozag
Kikubaaqudgha
Makhleb
Nemelex Xobeh
Okawaru
Qazlal
Ru
Sif Muna
Trog
Vehumet
Xom
Yredelemnul
Zin
The Shining One

Shops:
D *

Annotations:
D Sonja


Innate Abilities, Weirdness & Mutations

You are too large for most types of armour.
You have claws for hands.
Your metabolism is lightning-fast.
You like to eat raw meat.
You heal very quickly.
You are covered in fur (AC +1).
You have very tough skin (AC +2).


Message History

You feel less confused.
* * * LOW HITPOINT WARNING * * *
You feel extremely sick.
Sonja mumbles some strange words.
Sonja blinks!
Unknown command.
You are too berserk!
* * * LOW HITPOINT WARNING * * *
You feel very sick.
You see here 27 gold pieces.
You feel a strong urge to attack something.
You are no longer berserk.
You pass out from exhaustion.
You feel as though you will be slow longer.
* * * LOW HITPOINT WARNING * * *
You feel very sick.
You can move again.
You see here 2 curare-tipped needles.
You closely miss Sonja.
You die...

#..').#..)..#..+
#..#####'#####'# #
#..####..#...#.####§§#
#..#__####..##.#≈§§§c#
#..#_..__##'#..+≈§§..+
#⌠⌠#_.∩...'.(._#§≈≈§c#
####_..._##_.#'##+####
#_____###K#.#
#########@### +$.$+
#$.$# ##.## #+#


You could see Sonja.

Vanquished Creatures
  A yak (D)
  An ogre (D)
  Sigmund (D)
  A jelly (D)
  Ijyb (D)
5 creatures vanquished.

Vanquished Creatures (others)
  A gargoyle (D)
1 creature vanquished.

Grand Total: 6 creatures vanquished

Notes
Turn   | Place    | Note
--------------------------------------------------------------
     0 | D        | McCoppin, the Troll Berserker, began the quest for the Orb.
     0 | D        | Reached XP level 1. HP: 22/22 MP: 1/1
     1 | D        | Noticed Ijyb
    51 | D        | Killed Ijyb
    51 | D        | Reached skill level 3 in Dodging
    51 | D        | Reached XP level 2. HP: 17/29 MP: 1/1
    80 | D        | Noticed an ogre
    84 | D        | Killed an ogre
    84 | D        | Reached skill level 4 in Armour
    84 | D        | Reached skill level 6 in Dodging
    84 | D        | Reached XP level 3. HP: 36/36 MP: 2/2
    84 | D        | Reached XP level 4. HP: 44/44 MP: 2/2
    88 | D        | Noticed Sigmund
   106 | D        | Killed Sigmund
   106 | D        | Acquired Trog's second power
   106 | D        | Reached skill level 5 in Armour
   106 | D        | Reached skill level 7 in Dodging
   106 | D        | Reached XP level 5. HP: 39/50 MP: 2/2
   117 | D        | Killed a gargoyle
   136 | D        | Found a deep blue altar of Sif Muna.
   137 | D        | Noticed a jelly
   138 | D        | Found a radiant altar of Vehumet.
   140 | D        | Killed a jelly
   140 | D        | Reached skill level 8 in Dodging
   159 | D        | Noticed a centaur warrior
   159 | D        | Noticed a centaur warrior
   180 | D        | Found Feno's General Store.
   180 | D        | Found a white marble altar of Elyvilon.
   180 | D        | Found a stormy altar of Qazlal.
   180 | D        | Found a burning altar of Makhleb.
   180 | D        | Found a sacrificial altar of Ru.
   180 | D        | Found a basalt altar of Yredelemnul.
   180 | D        | Found a glowing golden altar of the Shining One.
   180 | D        | Found a sparkling altar of Nemelex Xobeh.
   180 | D        | Found a shimmering altar of Xom.
   180 | D        | Found an opulent altar of Gozag.
   180 | D        | Found an ancient bone altar of Kikubaaqudgha.
   180 | D        | Found a glowing silver altar of Zin.
   180 | D        | Noticed a yak
   189 | D        | Killed a yak
   189 | D        | Reached skill level 10 in Dodging
   189 | D        | Reached skill level 1 in Unarmed Combat
   189 | D        | Reached XP level 6. HP: 16/59 MP: 3/3
   190 | D        | Found an iron altar of Okawaru.
   193 | D        | Found a bloodstained altar of Trog.
   282 | D        | Noticed Sonja
   300 | D        | Succumbed to Sonja's poison

Action                   |  1- 3 |  4- 6 || total
-------------------------+-------+-------++-------
Melee: Mace              |    49 |       ||    49
       Unarmed           |     3 |       ||     3
       Giant spiked club |       |    24 ||    24
Invok: Berserk           |     1 |       ||     1
  Use: Potion            |       |     3 ||     3
  Eat: Chunk             |       |     5 ||     5
